 Dungeon Crawl Stone Soup version 0.27-a0-1046-g98bf31544f (webtiles) character file.

Game seed: 10779504848332857723

62 porpoise the Magician (level 4, -5/34 HPs)
             Began as a Djinni Earth Elementalist on Apr 20, 2021.
             Slain by a gnoll
             ... wielding a +0 halberd
              (14 damage)
             ... on level 2 of the Dungeon.
             The game lasted 00:04:41 (1489 turns).

porpoise the Magician (Djinni Earth Elementalist)   Turns: 1489, Time: 00:04:42

Health: -5/34      AC:  2    Str:  7    XL:     4   Next: 8%
Gold:   38         EV: 12    Int: 17    God:
                   SH:  0    Dex: 14

rFire    + + .     SeeInvis .   b - +0 hunting sling
rCold    x . .     Faith    .   (no shield)
rNeg     . . .     Spirit   .   c - +0 robe
rPois    ∞         Reflect  .   (no helmet)
rElec    .         Harm     .   (no cloak)
rCorr    .         Rampage  .   (no gloves)
Will     .....                  (boots unavailable)
Stlth    ++........             (no amulet)
HPRegen  0.11/turn              (no ring)
MPRegen  0.00/turn              (no ring)

@: flying
A: fire resistance 2, cold vulnerability 1, float, innate caster, hp casting,
extra vitality 1
a: no special abilities


You were on level 2 of the Dungeon.
You visited 1 branch of the dungeon, and saw 2 of its levels.

You collected 38 gold pieces.

Inventory:

Hand Weapons
 a - a +0 rapier
 b - a +0 hunting sling (weapon)
Missiles
 d - 7 sling bullets (quivered ammo)
 k - 41 stones
Armour
 c - a +0 robe (worn)
Scrolls
 f - a scroll of enchant weapon {unknown}
 g - a scroll of fog {unknown}
 i - a scroll of immolation {unknown}
 j - a scroll of teleportation {unknown}
 l - a scroll of identify {unknown}
Potions
 e - a potion of ambrosia {unknown}
 h - a potion of magic {unknown}


   Skills:
 + Level 2.4 Fighting
 - Level 2.1 Dodging
 - Level 1.5 Stealth
 + Level 3.4 Spellcasting


You couldn't memorise any spells.
You knew the following spells:

 Your Spells              Type           Power      Damage    Failure   Level
a - Sandblast             Erth           28%        2d8       4%          1
c - Stone Arrow           Conj/Erth      28%        3d8       12%         3
d - Lee's Rapid Deconstr  Erth           7%         3d7*      73%         5
e - Petrify               Tmut/Erth      14%        N/A       36%         4
s - Sting                 Tmut/Pois      56%        1d5       4%          1
w - Passwall              Tmut/Erth      11%        N/A       6%          2
Your spell library was empty.

Dungeon Overview and Level Annotations

Branches:
Dungeon (2/15)

Altars:
Elyvilon


Innate Abilities, Weirdness & Mutations

You are immune to poison.
Your flesh is very heat resistant. (rF++)
You are vulnerable to cold. (rC-)
You float through the air rather than walking.
You learn spells naturally, not from books.
Your magical power is your life essence.
You have superior vitality. (+4 HP)


Message History

Aiming: Sting (safe; 4% risk of failure)
Press: ? - help, Shift-Dir - straight line, f - gnoll, p - gnoll
Aim: a gnoll, wielding a +0 halberd and wearing an amulet of guardian spirit (75% to hit)
The sting hits the gnoll.
The gnoll is poisoned.
The gnoll is lightly wounded.
You kill the gnoll!
The gnoll hits you from afar with a +0 halberd.
You have reached level 4!
You feel agile.
Casting: Sting (safe; 4% risk of failure)
Confirm with . or Enter, or press ? or * to list all spells.
Aiming: Sting (safe; 4% risk of failure)
Press: ? - help, Shift-Dir - straight line, f - gnoll, p - gnoll
Aim: a gnoll, wielding a +0 halberd (75% to hit)
The sting hits the gnoll.
The gnoll is poisoned.
The gnoll is lightly wounded.
The gnoll misses you.
Casting: Sting (safe; 4% risk of failure)
Confirm with . or Enter, or press ? or * to list all spells.
Aiming: Sting (safe; 4% risk of failure)
Press: ? - help, Shift-Dir - straight line, f/p - gnoll
Aim: a gnoll, wielding a +0 halberd (lightly wounded, poisoned, 75% to hit)
The sting hits the gnoll.
The gnoll looks even sicker.
The gnoll is moderately wounded.
An adder comes into view.
The gnoll hits you from afar with a +0 halberd.
The gnoll hits you from afar with a +0 halberd!
* * * LOW HITPOINT WARNING * * *
Casting: Sting (safe; 4% risk of failure)
Confirm with . or Enter, or press ? or * to list all spells.
Aiming: Sandblast (safe; 4% risk of failure)
Press: ? - help, Shift-Dir - straight line, f/p - gnoll
Aim: a gnoll, wielding a +0 halberd (moderately wounded, very poisoned, 82% to hit)
The blast of sand hits the gnoll!
The gnoll is almost dead.
k - 41 stones The adder hisses angrily.
* * * LOW HITPOINT WARNING * * *
The gnoll hits you from afar with a +0 halberd!
You die...

######.#....[# #.#.#.#.#
.....(...#.#.###.#.#.#.#
.####...........#.#.###
#.....#...##.........
#..(#.#....#.##......
#.###..#.#.#..#.##..##.#
#..((>gg...>#.#.##..##.#
######........#.##.>##.#
#...)@.....S..........
#.####..###.########..
#.##........# #..
#....#.....## #..
#####......# #..
.......# +.. ##......#
#.. #.<....# #..
#.......#


You could see 2 gnolls and an adder.

Vanquished Creatures
  A gnoll (D:2)
  An adder (D:2)
  2 dart slugs (D:1)
  4 endoplasms
  2 goblins (D:1)
  A hobgoblin (D:1)
  10 jackals
  2 quokkas (D:1)
  3 ball pythons
  2 bats (D:1)
  A frilled lizard (D:2)
  4 kobolds (D:1)
  A rat (D:2)
34 creatures vanquished.

Notes
Turn   | Place    | Note
-------+----------+-------------------------------------------
     0 | D:1      | porpoise the Djinni Earth Elementalist began the quest for
                  | the Orb.
     0 | D:1      | Reached XP level 1. HP: 15/15 MP: 0/0
   127 | D:1      | Reached skill level 1 in Fighting
   127 | D:1      | Reached XP level 2. HP: 19/22 MP: 0/0
   302 | D:1      | Reached skill level 3 in Spellcasting
   564 | D:1      | Found a faded altar of an unknown god.
   606 | D:1      | Reached XP level 3. HP: 19/28 MP: 0/0
   606 | D:1      | Learned a level 1 spell: Sting
  1109 | D:1      | Found a white marble altar of Elyvilon.
  1487 | D:2      | Reached XP level 4. HP: 26/34 MP: 0/0
  1489 | D:2      | Slain by a gnoll

Illustrated notes

Levels and vault maps discovered:
D:1:      dpeg_arrival_lava_altar, layout_rooms,
          hellmonk_ecumenical_altar_dog_temple
D:2:      kennysheep_six_static_rooms, layout_basic, basic_altar

Skill      XL: |  1  2  3 |
---------------+----------+-----
Fighting       | 1 2 |  2.4
Spellcasting   | 3 |  3.4
Dodging        | |  2.1
Stealth        | |  1.5

Action                   |  1- 3 |  4- 6 || total
-------------------------+-------+-------++-------
Melee: Unarmed           |    10 |       ||    10
       Rapier            |    57 |       ||    57
 Fire: Hunting sling     |    13 |       ||    13
 Cast: Sandblast         |    12 |     1 ||    13
       Sting             |     8 |     2 ||    10
 Stab: Sleeping          |     1 |       ||     1
Armor: Robe              |    15 |       ||    15
Dodge: Dodged            |    48 |     1 ||    49

Table legend: (Time is in decaauts)
 A = Elapsed time spent in this place.
 B = Non-inter-level travel time spent in this place.
 C = Inter-level travel time spent in this place.
 D = Time resting spent in this place.
 E = Time spent auto-exploring this place.
 F = Levels seen in this place.
 G = Mean time per level.
                   A        B        C        D        E       F      G
               +--------+--------+--------+--------+--------+-----+--------+
         Total |   1500 |   1478 |     22 |    630 |    574 |   2 |  750.0 |
       Dungeon |   1500 |   1478 |     22 |    630 |    574 |   2 |  750.0 |
               +--------+--------+--------+--------+--------+-----+--------+

Top non-repeatable levels by time:
     D:1: 1281 daAuts
     D:2: 219 daAuts
